 Dungeon Sprint DCSS version 0.28-a0-239-g68911e0c57 (webtiles) character file.

Game seed: 9623036356751332875

56 MikeHunt the Slasher (level 3, 0/34 HPs)
             Began as a Naga Fighter on Aug 23, 2021.
             Was a Follower of Ru.
             Slain by a wolf (4 damage)
             ... in the Dungeon (Sprint VII: "The Pits").
             The game lasted 00:01:58 (300 turns).

MikeHunt the Slasher (Naga Fighter)                  Turns: 300, Time: 00:01:58

Health: 0/34       AC:  4    Str: 18    XL:     3   Next: 95%
Magic:  3/3        EV:  1    Int:  8    God:    Ru [*.....]
Gold:   0          SH:  9    Dex: 11    Spells: 2/2 levels left

rFire   . . .      SeeInvis +   l - +0 long sword (flame)
rCold   . . .      Faith    .   c - +0 kite shield
rNeg    . . .      Spirit   .   b - +0 scale mail
rPois   +          Reflect  .   (no helmet)
rElec   .          Harm     .   (no cloak)
rCorr   .          Rampage  .   (no gloves)
Will    .....      NoTele   +   (no barding)
Stlth   ..........              (no amulet)
HPRegen 0.11/turn               (no ring)
MPRegen 0.08/turn               (no ring)

@: very slightly contaminated, invisible, very slow
A: AC +1, large, see invisible, deformed body, poison resistance, slowness 2,
spit poison 1, reduced EV 1, naga tail 1
a: Spit Poison, Renounce Religion


You were in the Dungeon.
You worshipped Ru.
Ru was aware of your devotion.
You visited 1 branch

Inventory:

Hand Weapons
 a - a +0 long sword
 l - a +0 long sword of flaming (weapon)
Armour
 b - a +0 scale mail (worn)
 c - a +0 kite shield (worn)
 f - a +2 plate armour
Scrolls
 j - a scroll of blinking
Potions
 d - a potion of might
 e - 6 potions of curing
 g - a potion of haste
 h - 4 potions of magic
 i - 3 potions of berserk rage
 k - a potion of invisibility
 m - 3 potions of heal wounds


   Skills:
 - Level 3.0 Fighting
 + Level 5.5 Long Blades
 - Level 2.4 Armour
 + Level 4.9 Shields


You had 2 spell levels left.
You didn't know any spells.
Your spell library was empty.

Dungeon Overview and Level Annotations

Branches:
Dungeon (1/1)

Altars:
Ashenzari
Cheibriados
Dithmenos
Elyvilon
Fedhas
Gozag
Hepliaklqana
Kikubaaqudgha
Makhleb
Nemelex Xobeh
Okawaru
Qazlal
Ru
Sif Muna
Trog
Uskayaw
Vehumet
Wu Jian
Xom
Yredelemnul
Zin
The Shining One
Beogh
Jiyva
Lugonu


Innate Abilities, Weirdness & Mutations

Your serpentine skin is tough. (AC +1)
You have supernaturally acute eyesight. (SInv)
Armour fits poorly on your strangely shaped body.
Your system is resistant to poisons. (rPois)
You cover ground very slowly.
You can spit poison.
You have somewhat slow reflexes. (EV -5)
You have a snake-like lower body.


Message History

The wolf is moderately wounded.
The wolf bites you but does no damage. x2
You hit the wolf. You burn the wolf.
The wolf is moderately wounded.
The wolf bites you. x2
The white imp sputters.
You feel much better. The wolf bites you but does no damage.
You block the wolf's attack.
You hit the wolf. You burn the wolf.
The wolf is heavily wounded.
You have got your breath back.
The sky beast looks more healthy.
The wolf bites you. The wolf bites you!
Okay, then.
Unknown command.
Press: ? - help, Shift-Dir - straight line, f/p - sky beast
Aim: a sky beast (almost dead)
The splash of poison hits the wolf.
The wolf is poisoned.
The wolf is severely wounded.
You block the wolf's attack. The wolf bites you!
* * * LOW HITPOINT WARNING * * *
The sky beast flickers out of sight for a moment.
You feel much better. The wolf bites you.
The wolf bites you but does no damage.
You closely miss the wolf.
The wolf is severely wounded.
The wolf bites you but does no damage. You block the wolf's attack.
You completely miss the wolf.
The wolf is severely wounded.
The wolf bites you. x2
The white imp shouts, "Run away, thou droning swag-bellied boar-pig!"
You miss the wolf.
The wolf is almost dead.
You have got your breath back.
The wolf bites you. x2
You miss the wolf.
The wolf is almost dead.
The wolf looks more healthy.
The wolf bites you!
* * * LOW HITPOINT WARNING * * *
The wolf bites you.
You die...

#.#).#####'#####'###
#.#))#...†.##.......
#.#))#.[.).##.......
#.#[.###'####.......
#.##'#.†...##...<...
#.#........##.......
#.#........##.......
#'###########.......
#..@hF5.# ########
#.###Y..# #.# ...#
#Y# .#.# #.. .#.#
#.. ## # #.. ##


You could see a sky beast (invisible), a wolf, a bullfrog and a white imp.

Vanquished Creatures
  An iguana (D)
  A river rat (D)
  2 ufetubi (D)
  An adder zombie (D)
  An orc (D)
  A ball python (D)
  An endoplasm (D)
  A goblin (D)
  A hobgoblin (D)
10 creatures vanquished.

Notes
Turn   | Place    | Note
-------+----------+-------------------------------------------
     0 | D        | MikeHunt the Naga Fighter began the quest for the Orb.
     0 | D        | Reached XP level 1. HP: 21/21 MP: 1/1
    16 | D        | Found a glowing golden altar of the Shining One.
    16 | D        | Found a glowing silver altar of Zin.
    16 | D        | Found a basalt altar of Yredelemnul.
    16 | D        | Found a shimmering altar of Xom.
    16 | D        | Found an ornate altar of the Wu Jian Council.
    16 | D        | Found a bloodstained altar of Trog.
    16 | D        | Found a shimmering blue altar of Sif Muna.
    16 | D        | Found a sacrificial altar of Ru.
    16 | D        | Found a stormy altar of Qazlal.
    16 | D        | Found an iron altar of Okawaru.
    16 | D        | Found a sparkling altar of Nemelex Xobeh.
    16 | D        | Found a burning altar of Makhleb.
    16 | D        | Found a viscous altar of Jiyva.
    16 | D        | Found a hazy altar of Hepliaklqana.
    16 | D        | Found an opulent altar of Gozag.
    16 | D        | Found a blossoming altar of Fedhas.
    16 | D        | Found a white marble altar of Elyvilon.
    16 | D        | Found a shadowy altar of Dithmenos.
    16 | D        | Found a snail-covered altar of Cheibriados.
    17 | D        | Found a radiant altar of Vehumet.
    17 | D        | Found a corrupted altar of Lugonu.
    18 | D        | Found an ancient bone altar of Kikubaaqudgha.
    18 | D        | Found a hide-covered altar of Uskayaw.
    18 | D        | Found a broken altar of Ashenzari.
    20 | D        | Became a worshipper of Ru the Awakened
    47 | D        | Reached skill level 3 in Long Blades
    47 | D        | Reached XP level 2. HP: 25/28 MP: 2/2
    49 | D        | Reached skill level 4 in Long Blades
   113 | D        | Reached XP level 3. HP: 34/34 MP: 3/3
   120 | D        | Gained mutation: You have somewhat slow reflexes. (EV -5)
                  | [Ru sacrifice]
   120 | D        | Reached * piety under Ru
   276 | D        | Noticed a sky beast
   284 | D        | Reached skill level 5 in Long Blades
   284 | D        | Noticed a bullfrog
   285 | D        | Noticed a wolf
   300 | D        | Slain by a wolf

Illustrated notes

Levels and vault maps discovered:
D:        pitsprint [storerooms_1, entrance_room_1, metal_vault_8, armoury_2,
          mini_pit_1, grid_room_1, main_hall_1, silver_pit, the_coven_1,
          the_vestibule_1, steel_vault_5, golden_pit, hallway_of_sentries,
          crystal_vault_5, iron_vault_4, final_vault]

Skill      XL: |  1  2  3 |
---------------+----------+-----
Long Blades    | 3 4 5 |  5.5
Shields        | 3 4 |  4.9
Fighting       | |  3.0
Armour         | |  2.4

Action                   || total
-------------------------++-------
Melee: Long sword        ||    42
Invok: Sacrifice Health  ||     1
 Abil: Spit Poison       ||     2
  Use: Potion            ||     4
 Stab: Invisible         ||     2
Armor: Scale mail        ||    20
Dodge: Dodged            ||     6
Block: Kite shield       ||    20
       Rpst.: Long sword ||     2

Table legend: (Time is in decaauts)
 A = Elapsed time spent in this place.
 B = Non-inter-level travel time spent in this place.
 C = Inter-level travel time spent in this place.
 D = Time resting spent in this place.
 E = Time spent auto-exploring this place.
 F = Levels seen in this place.
 G = Mean time per level.
                   A        B        C        D        E       F      G
               +--------+--------+--------+--------+--------+-----+--------+
         Total |    350 |    350 |      0 |    141 |      0 |   1 |  350.0 |
       Dungeon |    350 |    350 |      0 |    141 |      0 |   1 |  350.0 |
               +--------+--------+--------+--------+--------+-----+--------+

Top non-repeatable levels by time:
       D: 350 daAuts
